 Dungeon Crawl Stone Soup version 0.27-a0-101-g3cb999cee2 (webtiles) character file.

Game seed: 3713883993399254100

2598 lunkers the Geomancer (level 9, -10/57 HPs)
             Began as a Vampire Earth Elementalist on Jan 21, 2021.
             Was a Priest of Sif Muna.
             Mangled by a two-headed ogre
             ... wielding a +0 giant club
              (13 damage)
             ... on level 8 of the Dungeon.
             The game lasted 00:11:17 (6921 turns).

lunkers the Geomancer (Vampire Earth Elementalist)  Turns: 6921, Time: 00:11:18

Health: -10/57     AC:  3    Str:  7    XL:     9   Next: 33%
Magic:  10/19      EV: 13    Int: 20    God:    Sif Muna [***...]
Gold:   314        SH:  0    Dex: 15    Spells: 7/22 levels left

rFire    . . .     SeeInvis +   b - +3 dagger (venom)
rCold    + . .     Faith    .   (no shield)
rNeg     . . .     Spirit   .   c - +1 robe
rPois    .         Reflect  .   (no helmet)
rElec    .         Harm     .   (no cloak)
rCorr    .         Rampage  .   (no gloves)
Will     .....                  (no boots)
Stlth    ++........             h - amulet of magic regeneration
HPRegen  0.39/turn              w - ring of protection from cold
MPRegen  0.41/turn              (no ring)

@: regenerating quickly
A: fangs 3, see invisible, unbreathing
a: Exsanguinate, Renounce Religion, Channel Magic, Forget Spell


You were on level 8 of the Dungeon.
You worshipped Sif Muna.
Sif Muna was most pleased with you.
You visited 1 branch of the dungeon, and saw 8 of its levels.

You collected 314 gold pieces.

Inventory:

Hand Weapons
 b - a +3 dagger of venom (weapon)
Missiles
 m - 163 stones
Armour
 c - a +1 robe (worn)
Jewellery
 h - an amulet of magic regeneration (around neck)
 w - a ring of protection from cold (left hand)
 A - the ring of Sovecien {*Tele Str+2 Int+4 Dex-3}
   (You found it on level 6 of the Dungeon)

   [ring of teleportation]

   It may teleport you next to monsters.
   It affects your strength (+2).
   It affects your intelligence (+4).
   It affects your dexterity (-3).
Wands
 s - a wand of acid (7)
 y - a wand of flame (16)
Scrolls
 a - a scroll of enchant weapon
 f - a scroll of summoning
 g - a scroll of amnesia
 i - a scroll of enchant armour
 q - 3 scrolls of magic mapping
 u - 4 scrolls of identify
Potions
 d - 2 potions of might
 e - 3 potions of attraction
 j - a potion of mutation
 l - a potion of haste
 o - a potion of invisibility
 p - 4 potions of curing
 r - 4 potions of brilliance
 t - a potion of ambrosia
 z - a potion of heal wounds


   Skills:
 - Level 2.1 Dodging
 - Level 3.0 Stealth
 + Level 7.0 Spellcasting
 - Level 1.1 Transmutations
 * Level 10.8 Earth Magic


You had 7 spell levels left.
You knew the following spells:

 Your Spells              Type           Power        Failure   Level
a - Stone Arrow           Conj/Erth      56%          3%          3
b - Passwall              Tmut/Erth      25%          1%          2
c - Sandblast             Erth           100%         1%          1
d - Lee's Rapid Deconstr  Erth           25%          3%          5
e - Petrify               Tmut/Erth      30%          9%          4

Your spell library contained the following spells:

 Spells                   Type           Power        Failure   Level


Dungeon Overview and Level Annotations

Branches:
Dungeon (8/15)             Temple (0/1) D:4
   Lair: D:8-11

Altars:
Nemelex Xobeh
Sif Muna
Vehumet

Annotations:
D:4 2 runed translucent doors, Faydwarf's ghost, amateur HOFi


Innate Abilities, Weirdness & Mutations

Your natural rate of healing is unusually fast.
You have razor-sharp teeth.
You have supernaturally acute eyesight. (SInv)
You can survive without breathing.


Message History

Casting: Petrify (dangerous; 9% risk of failure)
Confirm with . or Enter, or press ? or * to list all spells.
Aiming: Petrify (dangerous; 9% risk of failure)
Press: ? - help, Shift-Dir - straight line, f/p - two-headed ogre
Aim: a two-headed ogre, wielding two +0 giant clubs (moderately wounded, very poisoned, chance to affect: 41%)
The two-headed ogre resists with some effort.
The two-headed ogre hits you with a +0 giant club!!
* * * LOW HITPOINT WARNING * * *
The two-headed ogre closely misses you.
Unknown command.
Evoke which item? (* to show all) (? for menu, Esc to quit)
Aiming: Corrosive Bolt
Press: ? - help, Shift-Dir - straight line, f/p - two-headed ogre
Aim: a two-headed ogre, wielding two +0 giant clubs (moderately wounded, very poisoned, 14% to evade)
The bolt of acid hits the two-headed ogre!
The two-headed ogre is splashed with acid!
The acid corrodes the two-headed ogre!
The two-headed ogre is severely wounded.
The two-headed ogre hits you with a +0 giant club!
You die...

..# #.####
##.... #...#
##.<.#
##....#
#.....#
#..O..#.#
#..@....#
#..#..#...#
#.#..>.####.#
######## #


You could see a two-headed ogre (very poisoned, corroded).

Vanquished Creatures
  Pikel (D:5)
  Menkaure (D:6)
  An orc warrior (D:7)
  A sky beast (D:6)
  2 black bears (D:6)
  An ice beast (D:7)
  A phantom (D:7)
  2 ogres
  A centaur (D:7)
  A big kobold (D:7)
  3 bullfrogs
  A howler monkey (D:5)
  2 centaur zombies
  A bullfrog zombie (D:6)
  A hound (D:5)
  A quasit (D:5)
  An orc priest (D:4)
  A jelly (D:5)
  A centaur skeleton (D:6)
  6 orc wizards
  A bullfrog skeleton (D:6)
  Jessica (D:2)
  5 worker ants
  7 gnolls (D:2)
  11 adders
  A white imp (D:6)
  An ufetubus (D:6)
  3 adder skeletons
  An adder zombie (D:5)
  A worm (D:2)
  2 dart slugs
  2 leopard geckos
  27 orcs
  8 bats
  6 giant cockroaches
  7 goblins
  12 hobgoblins
  11 jackals
  18 kobolds
  4 quokkas
  A ball python (D:1)
  5 frilled lizards
  7 rats
172 creatures vanquished.

Notes
Turn   | Place    | Note
-------+----------+-------------------------------------------
     0 | D:1      | lunkers the Vampire Earth Elementalist began the quest for
                  | the Orb.
     0 | D:1      | Reached XP level 1. HP: 13/13 MP: 3/3
   161 | D:1      | Reached XP level 2. HP: 19/19 MP: 3/5
   912 | D:1      | Reached XP level 3. HP: 24/24 MP: 3/6
   919 | D:1      | Learned a level 2 spell: Passwall
   923 | D:1      | Learned a level 3 spell: Stone Arrow
  1399 | D:2      | Noticed Jessica
  1419 | D:2      | Killed Jessica
  1420 | D:2      | Reached skill level 4 in Earth Magic
  1619 | D:2      | Reached XP level 4. HP: 29/30 MP: 8/8
  1853 | D:2      | Reached skill level 5 in Earth Magic
  1858 | D:2      | Reached XP level 5. HP: 29/35 MP: 6/9
  1965 | D:2      | Found a shimmering blue altar of Sif Muna.
  2708 | D:3      | Found a sparkling altar of Nemelex Xobeh.
  3340 | D:2      | Became a worshipper of Sif Muna the Loreminder
  3627 | D:4      | Noticed an ogre
  3638 | D:4      | Killed an ogre
  3639 | D:4      | Reached skill level 6 in Earth Magic
  3639 | D:4      | Reached XP level 6. HP: 35/41 MP: 4/11
  3916 | D:4      | Reached * piety under Sif Muna
  4000 | D:4      | Found a staircase to the Ecumenical Temple.
  4093 | D:4      | Reached XP level 7. HP: 30/46 MP: 1/13
  4174 | D:4      | Found a large runed translucent door.
  4174 | D:4      | Found a large runed translucent door.
  4178 | D:4      | Noticed Faydwarf's ghost (amateur HOFi)
  4238 | D:5      | Entered Level 5 of the Dungeon
  4277 | D:5      | Reached skill level 7 in Earth Magic
  4968 | D:6      | Reached skill level 5 in Spellcasting
  5051 | D:6      | Found a radiant altar of Vehumet.
  5059 | D:6      | Reached ** piety under Sif Muna
  5071 | D:6      | Reached skill level 8 in Earth Magic
  5081 | D:6      | Reached XP level 8. HP: 37/52 MP: 2/15
  5343 | D:6      | Noticed Pikel
  5501 | D:5      | Killed Pikel
  5502 | D:5      | Reached skill level 9 in Earth Magic
  5699 | D:6      | Noticed Menkaure
  5704 | D:6      | Killed Menkaure
  5705 | D:6      | Reached skill level 10 in Earth Magic
  5752 | D:6      | Got a bound brass ring
  5756 | D:6      | Identified the ring of Sovecien {*Tele Str+2 Int+4 Dex-3}
                  | (You found it on level 6 of the Dungeon)
  5908 | D:6      | Reached XP level 9. HP: 48/57 MP: 4/18
  6386 | D:7      | Reached *** piety under Sif Muna
  6407 | D:7      | Learned a level 5 spell: Lee's Rapid Deconstruction
  6617 | D:7      | Learned a level 4 spell: Petrify
  6912 | D:8      | Noticed a two-headed ogre
  6917 | D:8      | HP: 2/57 [two-headed ogre/+0 giant club (22)]
  6921 | D:8      | Mangled by a two-headed ogre

Illustrated notes

Levels and vault maps discovered:
D:1:      dpeg_arrival_brainrot, layout_loops_corners, minivault_25,
          hangedman_decor_clover_reticule, hex_tiny, kennysheep_pointless_box
D:2:      layout_loops_cross, led_sif_pool, grunt_ministairs_4,
          hangedman_decor_diamond_cutter, chequers_avenue, uniq_jessica
D:3:      layout_basic, nicolae_overflow_hidden_temple, chequers_arboretum,
          grunt_ministairs_8
D:4:      layout_basic, minmay_temple_entry_statues_pillars,
          ebering_ghost_disaster_area
D:5:      layout_cave_pools
D:6:      layout_rooms, vehumet_altar_wand_db, uniq_menkaure, uniq_pikel
D:7:      layout_basic
D:8:      layout_layer_cave, regret_index_temple_of_mockery, minitemple,
          serial_park_tiny_2, minmay_misc_feat_pillars, uniq_joseph,
          uniq_prince_ribbit1

Skill      XL: |  1  2  3  4  5  6  7  8  9 |
---------------+----------------------------+-----
Earth Magic    | 4 5 6 8 10 | 10.8
Spellcasting   | 3 4 5 6 7 |  7.0
Dodging        | |  2.1
Stealth        | |  3.0
Transmutations | |  1.1

Action                   |  1- 3 |  4- 6 |  7- 9 || total
-------------------------+-------+-------+-------++-------
Melee: Unarmed           |     4 |       |       ||     4
       Short sword       |    28 |       |       ||    28
       Dagger            |    10 |   106 |    59 ||   175
       Bite              |     3 |    14 |     6 ||    23
Throw: Throwing net      |     3 |       |       ||     3
 Cast: Sandblast         |    36 |    23 |     8 ||    67
       Stone Arrow       |       |    29 |   122 ||   151
       Petrify           |       |       |     3 ||     3
Evoke: Wand              |       |       |     1 ||     1
  Use: Scroll            |       |     7 |    13 ||    20
 Stab: Sleeping          |     1 |    10 |     1 ||    12
       Held in net/web   |     1 |       |       ||     1
Armor: Robe              |    15 |    15 |    18 ||    48
Dodge: Dodged            |    26 |    87 |    97 ||   210

Table legend: (Time is in decaauts)
 A = Elapsed time spent in this place.
 B = Non-inter-level travel time spent in this place.
 C = Inter-level travel time spent in this place.
 D = Time resting spent in this place.
 E = Time spent auto-exploring this place.
 F = Levels seen in this place.
 G = Mean time per level.
                   A        B        C        D        E       F      G
               +--------+--------+--------+--------+--------+-----+--------+
         Total |   6926 |   6594 |    332 |    238 |   5082 |   8 |  865.8 |
       Dungeon |   6926 |   6594 |    332 |    238 |   5082 |   8 |  865.8 |
               +--------+--------+--------+--------+--------+-----+--------+

Top non-repeatable levels by time:
     D:1: 1415 daAuts
     D:2: 1073 daAuts
     D:3: 956 daAuts
     D:7: 928 daAuts
     D:5: 903 daAuts
     D:6: 841 daAuts
     D:4: 798 daAuts
     D:8: 8 daAuts
